 Dungeon Crawl Stone Soup version 0.17.0-28-g6e173f8 (webtiles) character file.

5643 dvd the Covert (level 10, -8/63 HPs)
             Began as an Octopode Ice Elementalist on Dec 2, 2015.
             Was a High Priest of Cheibriados.
             Mangled by a fire dragon (19 damage)
             ... on level 10 of the Dungeon.
             The game lasted 00:49:59 (11001 turns).

dvd the Covert (Octopode Ice Elementalist)         Turns: 11001, Time: 00:50:00

Health: -8/63      AC:  9    Str: 21    XL:     10   Next: 74%
Magic:  10/20      EV: 15    Int: 31    God:    Cheibriados [*****.]
Gold:   571        SH:  0    Dex: 25    Spells: 6 memorised, 1 level left

rFire  . . .     SeeInvis +     a - +3 flail (holy)
rCold  . . .     Clarity  .     k - +4 shield of Chill Winds {Slay+3}
rNeg   + . .     SustAt   .     (helmet restricted)
rPois  .         Gourm    +     s - amulet of the gourmand
rElec  .         Spirit   .     d - ring of positive energy
rCorr  .         Warding  .     u - ring of wizardry
rMut   .         Stasis   .     w - ring of protection from magic
MR     +....                    H - ring of see invisible
Stlth  +++.......               (no ring)
                                (no ring)
                                (no ring)
                                (no ring)

@: confused, icy armour, very slightly contaminated, very slow, somewhat
resistant to hostile enchantments, fairly stealthy
A: almost no armour, amphibious, 8 rings, constrict 8, camouflage 1, gelatinous
body 1
a: Bend Time, Temporal Distortion, Slouch, Step From Time, Renounce Religion


You were on level 10 of the Dungeon.
You worshipped Cheibriados.
Cheibriados was extremely pleased with you.
You were completely stuffed.

You visited 2 branches of the dungeon, and saw 11 of its levels.
You also visited: Sewer.

You collected 571 gold pieces.

Inventory:

Hand Weapons
 a - a +3 flail of holy wrath (weapon)
 e - a +0 short sword
 i - a +0 antimagic trident
 m - a +1 morningstar of holy wrath
 t - a +0 long sword
 y - a +0 dagger of draining
 D - a +0 short sword of draining
 F - a +0 dagger of electrocution
 J - a +1 scimitar of flaming
Armour
 k - the +4 shield of Chill Winds (worn) {Slay+3}
   (You acquired it on level 6 of the Dungeon)

   It affects your accuracy and damage with ranged weapons and melee attacks
   (+3).
Jewellery
 d - a ring of positive energy (left tentacle)
 s - an amulet of the gourmand (around mantle)
 u - a ring of wizardry (right tentacle)
 v - an uncursed amulet of resist mutation
 w - a ring of protection from magic (on tentacle)
 H - a ring of see invisible (on tentacle)
Wands
 h - a wand of confusion (34)
 n - a wand of heal wounds (2)
Scrolls
 l - 5 scrolls of remove curse
 p - 3 scrolls of teleportation
 q - 2 scrolls of identify
 E - a scroll of fog {unknown}
 G - a scroll of enchant weapon {unknown}
 I - a scroll of fear {unknown}
Potions
 c - 5 potions of curing
 f - 6 potions of flight
 r - a potion of agility
 A - 2 potions of mutation {unknown}
Books
 x - a book of Frost

   Spells                             Type                      Level
   a - Freeze                         Ice                          1
   b - Throw Frost                    Conjuration/Ice              2
   c - Ozocubu's Armour               Charms/Ice                   3
   d - Throw Icicle                   Conjuration/Ice              4
   e - Summon Ice Beast               Ice/Summoning                4
   f - Condensation Shield            Ice                          4
 B - a Grand Grimoire

   Spells                             Type                      Level
   a - Monstrous Menagerie            Summoning                    6
   b - Summon Greater Demon           Summoning                    7
   c - Malign Gateway                 Summoning/Translocation      7
   d - Summon Horrible Things         Summoning                    8
 C - a book of Ice

   Spells                             Type                      Level
   a - Ice Form                       Ice/Transmutation            4
   b - Metabolic Englaciation         Hexes/Ice                    5
   c - Ozocubu's Refrigeration        Ice                          6
   d - Bolt of Cold                   Conjuration/Ice              6
   e - Freezing Cloud                 Conjuration/Ice/Air          6
   f - Simulacrum                     Ice/Necromancy               6
Comestibles
 b - 4 bread rations
 j - 4 meat rations
 z - 20 fruits


   Skills:
 + Level 3.4 Fighting
 + Level 4.6 Maces & Flails
 + Level 5.5 Dodging
 + Level 8.0 Stealth
 + Level 3.0 Shields
 + Level 6.7 Spellcasting
 + Level 3.8 Conjurations
 + Level 3.8 Charms
 + Level 2.2 Summonings
 + Level 7.1 Ice Magic
 + Level 4.0 Invocations


You had one spell level left.
You knew the following spells:

 Your Spells              Type           Power        Failure   Level  Hunger
a - Summon Ice Beast      Ice/Summ       #####...     14%         4    ##.....
b - Throw Frost           Conj/Ice       #####.       1%          2    None
c - Ozocubu's Armour      Chrm/Ice       #####...     4%          3    None
d - Condensation Shield   Ice            ######....   6%          4    ##.....
e - Throw Icicle          Conj/Ice       #####...     10%         4    ##.....
f - Ice Form              Ice/Trmt       ####....     26%         4    ##.....


Dungeon Overview and Level Annotations

Branches:
Dungeon (10/15)            Temple (1/1) D:6
   Lair: D:8-11         Orc: D:9-12

Altars:
Ashenzari
Cheibriados
Dithmenos
Elyvilon
Fedhas
Gozag
Kikubaaqudgha
Makhleb
Nemelex Xobeh
Okawaru
Qazlal
Ru
Sif Muna
Trog
Vehumet
Xom
Yredelemnul
Zin
The Shining One

Shops:
D:7 !


Innate Abilities, Weirdness & Mutations

You cannot wear most types of armour.
You are amphibious.
You can wear up to eight rings at the same time.
You can use your tentacles to constrict eight enemies at once.
Your skin changes colour to match your surroundings (Stealth).
Your rubbery body absorbs attacks (AC +1).


Message History

Unknown command.
You can feel time thicken for a moment.
You kill the centaur!
Cheibriados appreciates the change of pace.
You kill the adder!
Cheibriados thoroughly appreciates the change of pace.
You feel somewhat less full.
Cheibriados reduces the support of your attributes as your movement quickens.
The fire dragon bites you!
* * * LOW HITPOINT WARNING * * *
You block the fire dragon's attack. The fire dragon tramples you.
* * * LOW HITPOINT WARNING * * *
You stumble backwards!
Drink which item? (? for menu, Esc to quit)
You are confused.
You feel invigorated. The fire dragon closely misses you.
The fire dragon claws you but does no damage.
The fire dragon tramples you but does no damage.
The fire dragon bites you!!
You die...

################
................
................
...c............
######(##......
#....(..# .D...
#...Dc..# ....
#..@....# .....
#..(>(..# ..... .
#..)....#......
....#+#†#####.....
..............#
..............#
..............#
..............+
..............#


You could see a fire dragon and a centaur.

Vanquished Creatures
  Erolcha (D:9)
  An efreet (D:10)
  Prince Ribbit (D:9)
  Sigmund (D:5)
  A hungry ghost (D:9)
  Edmund (D:6)
  3 sky beasts
  A black bear (D:8)
  2 phantoms
  7 ogres
  2 centaurs (D:10)
  3 orc warriors
  2 ice beasts
  Blork the orc (D:5)
  6 giant frogs
  2 big kobolds
  2 water moccasin skeletons
  3 scorpions
  A centaur zombie (D:7)
  2 giant frog zombies
  5 crimson imps
  5 jellies
  A giant frog skeleton (D:4)
  6 iguanas
  6 orc wizards
  A quasit (D:10)
  A hound (D:6)
  3 orc priests
  8 worker ants
  A centaur skeleton (D:5)
  A hound zombie (D:9)
  3 hound skeletons
  3 river rats (Sewer)
  A worker ant zombie (D:7)
  16 adders
  7 gnolls
  A shadow imp (D:7)
  An ooze (D:3)
  3 adder skeletons
  An adder zombie (D:5)
  3 worms
  6 giant geckos
  23 orcs
  4 goblins
  8 hobgoblins
  10 jackals
  12 kobolds
  3 quokkas
  7 bats
  2 giant cockroaches
  A giant gecko skeleton (D:5)
  6 giant newts
  A jackal zombie (D:7)
  A quokka skeleton (D:6)
  14 rats
218 creatures vanquished.

Vanquished Creatures (collateral kills)
  A sky beast (D:5)
1 creature vanquished.

Grand Total: 219 creatures vanquished

Notes
Turn   | Place    | Note
--------------------------------------------------------------
     0 | D:1      | dvd the Octopode Ice Elementalist began the quest for the Orb.
     0 | D:1      | Reached XP level 1. HP: 11/11 MP: 3/3
   436 | D:1      | Found a snail-covered altar of Cheibriados.
   442 | D:1      | Became a worshipper of Cheibriados the Contemplative
   633 | D:1      | Reached XP level 2. HP: 9/17 MP: 5/5
   823 | D:1      | Learned a level 2 spell: Throw Frost
  1257 | D:2      | Reached XP level 3. HP: 17/21 MP: 3/6
  1308 | D:2      | Reached * piety under Cheibriados
  1485 | D:2      | Learned a level 3 spell: Ozocubu's Armour
  1552 | D:2      | Found a deep blue altar of Sif Muna.
  1559 | D:2      | Found a glowing silver altar of Zin.
  1642 | D:2      | Found a stormy altar of Qazlal.
  1809 | D:3      | Reached XP level 4. HP: 18/27 MP: 1/7
  2131 | D:3      | Reached ** piety under Cheibriados
  2683 | D:3      | Found a white marble altar of Elyvilon.
  2891 | D:3      | Reached skill level 4 in Stealth
  2997 | D:4      | Reached XP level 5. HP: 32/32 MP: 0/9
  3350 | D:4      | Reached skill level 1 in Fighting
  3350 | D:4      | Reached skill level 1 in Maces & Flails
  3350 | D:4      | Reached skill level 1 in Charms
  3440 | D:4      | Reached XP level 6. HP: 5/38 MP: 10/10
  4144 | D:4      | Noticed an ogre
  4152 | D:4      | Killed an ogre
  4152 | D:4      | Reached *** piety under Cheibriados
  4152 | D:4      | Reached skill level 5 in Stealth
  4432 | D:4      | Learned a level 4 spell: Condensation Shield
  4448 | D:5      | Entered Level 5 of the Dungeon
  4514 | D:5      | Reached XP level 7. HP: 43/43 MP: 10/12
  4895 | D:5      | Noticed Sigmund
  4904 | D:5      | Killed Sigmund
  4904 | D:5      | Reached skill level 1 in Invocations
  5110 | D:5      | Noticed Blork the orc
  5118 | D:5      | Killed Blork the orc
  5118 | D:5      | Reached XP level 8. HP: 23/49 MP: 1/14
  5257 | D:5      | Learned a level 4 spell: Summon Ice Beast
  5387 | D:5      | Found a burning altar of Makhleb.
  5569 | D:5      | Found a sparkling altar of Nemelex Xobeh.
  5679 | D:5      | Reached skill level 5 in Ice Magic
  5948 | D:6      | Identified a scroll of acquirement
  5949 | D:6      | Got a fine shield
  5955 | D:6      | Identified the +4 shield of Chill Winds {Slay+3} (You acquired it on level 6 of the Dungeon)
  6004 | D:6      | Reached **** piety under Cheibriados
  6169 | D:6      | Found a glowing drain.
  6184 | Sewer    | Entered a sewer
  6365 | Sewer    | Found a white marble altar of Elyvilon.
  6468 | D:6      | Reached skill level 6 in Stealth
  6478 | D:6      | Noticed Edmund
  6487 | D:6      | Killed Edmund
  6487 | D:6      | Reached skill level 1 in Shields
  6487 | D:6      | Reached XP level 9. HP: 54/54 MP: 8/16
  6655 | D:6      | Found a staircase to the Ecumenical Temple.
  7089 | D:6      | Found an opulent altar of Gozag.
  7273 | Temple   | Entered the Ecumenical Temple
  7680 | D:7      | Reached ***** piety under Cheibriados
  7688 | D:7      | Reached skill level 5 in Spellcasting
  7691 | D:7      | Reached skill level 1 in Summonings
  8040 | D:7      | Learned a level 4 spell: Throw Icicle
  8343 | D:7      | Found Vonkuam's Distillery.
  9062 | D:8      | Reached XP level 10. HP: 62/62 MP: 4/18
  9066 | D:8      | Reached skill level 5 in Dodging
  9347 | D:8      | Found a blossoming altar of Fedhas.
  9404 | D:8      | Reached skill level 7 in Stealth
  9706 | D:8      | Found a basalt altar of Yredelemnul.
  9707 | D:8      | Found a blossoming altar of Fedhas.
 10018 | D:9      | Noticed Prince Ribbit
 10027 | D:9      | Killed Prince Ribbit
 10159 | D:9      | Noticed Erolcha
 10165 | D:9      | Killed Erolcha
 10502 | D:9      | Learned a level 4 spell: Ice Form
 10742 | D:9      | You fall through a shaft!
 10742 | D:10     | Entered Level 10 of the Dungeon
 10818 | D:10     | Reached skill level 8 in Stealth
 10828 | D:10     | Noticed an unseen horror
 10828 | D:10     | Noticed a fire dragon
 10835 | D:10     | Noticed a seven-headed hydra
 10997 | D:10     | HP: 1/63 [centaur/arrow (13)]
 11001 | D:10     | Mangled by a fire dragon

Action                   |  1- 3 |  4- 6 |  7- 9 | 10-12 || total
-------------------------+-------+-------+-------+-------++-------
Melee: Short sword       |    30 |       |       |       ||    30
       Morningstar       |    18 |    62 |    92 |       ||   172
       Flail             |       |       |    88 |    67 ||   155
 Cast: Freeze            |    10 |     6 |       |       ||    16
       Throw Frost       |     7 |    32 |    70 |    10 ||   119
       Ozocubu's Armour  |     3 |    18 |    42 |    21 ||    84
       Condensation Shie |       |       |     5 |       ||     5
       Summon Ice Beast  |       |       |     2 |     1 ||     3
       Throw Icicle      |       |       |       |    15 ||    15
Invok: Bend Time         |       |       |     1 |       ||     1
       Slouch            |       |       |     2 |     2 ||     4
  Use: Scroll            |       |     6 |     4 |     2 ||    12
       Potion            |       |     1 |     7 |     3 ||    11
 Stab: Sleeping          |     7 |    10 |    10 |     6 ||    33
  Eat: Chunk             |     3 |    21 |    10 |     7 ||    41
